 Dungeon Crawl Stone Soup version 0.29.0-4-gdea44cf6ec (webtiles) character file.

Game seed: 12108734937928736143

172 qw the Sneak (level 5, -7/24 HPs)
             Began as a Felid Delver on Aug 27, 2022.
             Was an Initiate of Okawaru.
             Mangled by a gnoll
             ... wielding a +0 halberd
              (12 damage)
             ... on level 4 of the Dungeon.
             The game lasted 00:00:03 (1484 turns).

qw the Sneak (Felid Delver)                         Turns: 1484, Time: 00:00:04

Health: -7/24      AC:  1    Str:  8    XL:     5   Next: 27%
Magic:  6/6        EV: 21    Int: 12    God:    Okawaru [......]
Gold:   34         SH:  0    Dex: 19    Spells: 4/4 levels left
                                        Lives:  0   Deaths: 1

rFire   . . .      SeeInvis +     - Unarmed
rCold   . . .      Faith    .   (shield unavailable)
rNeg    . . .      Spirit   .   (body armour unavailable)
rPois   .          Reflect  .   (helmet unavailable)
rElec   .          Harm     .   (cloak unavailable)
rCorr   .          Rampage  .   (gloves unavailable)
Will    .....                   (boots unavailable)
Stlth   ++++......              (no amulet)
HPRegen 0.08/turn               (no ring)
MPRegen 0.10/turn               (no ring)

@: quick
A: very small, claws 1, fangs 3, see invisible, speed 1, shaggy fur 1, stealthy
paws, no weapons or thrown items, no armour, multi-lived
a: Renounce Religion


You were on level 4 of the Dungeon.
You worshipped Okawaru.
Okawaru was noncommittal.
You visited 1 branch of the dungeon, and saw 2 of its levels.

You collected 34 gold pieces.


Innate Abilities, Weirdness & Mutations

You have sharp claws.
You have razor-sharp teeth.
You have supernaturally acute eyesight. (SInv)
You cover ground quickly. (Speed+)
You are covered in fur. (AC +1)
Your paws help you pounce on unaware monsters.
You are incapable of wielding weapons or throwing items.
You cannot wear armour.
You gain extra lives every three experience levels.


   Skills:
 - Level 3.0 Fighting
 - Level 6.1 Dodging
 - Level 6.6 Stealth
 + Level 4.6 Unarmed Combat


You had 4 spell levels left.
You didn't know any spells.
Your spell library was empty.

Inventory:

Wands
 e - a wand of digging (3)
Potions
 a - a potion of heal wounds {unknown}
 d - a potion of haste

Dungeon Overview and Level Annotations

Branches:
Dungeon (5/15)
 Temple: D:4-7

Altars:
Okawaru

Annotations:
D:4 2 runed translucent doors


Message History

You scratch the gnoll.
The gnoll is heavily wounded.
The gnoll splashes around in the water.
You scratch the gnoll.
The gnoll is severely wounded.
1472 ||| Stepping ~*~*~tactically~*~*~ (water).
Things that are here:
a +0 falchion; a +0 leather armour; 7 gold pieces You scratch the gnoll.
The gnoll is lightly wounded.
The gnoll closely misses you.
1474 ||| Stepping ~*~*~tactically~*~*~ (outnumbered).
1475 ||| Stepping ~*~*~tactically~*~*~ (outnumbered).
You closely miss the gnoll. Your claw misses the gnoll.
The gnoll is lightly wounded.
The gnoll completely misses you. x2
You barely miss the gnoll. Your bite misses the gnoll.
The gnoll is lightly wounded.
The gnoll hits you from afar with a +0 halberd!
The gnoll closely misses you.
You closely miss the gnoll.
The gnoll is lightly wounded.
The gnoll misses you. x2
1479 ||| Stepping ~*~*~tactically~*~*~ (outnumbered).
1480 ||| Stepping ~*~*~tactically~*~*~ (outnumbered).
You scratch the gnoll but do no damage.
The gnoll is lightly wounded.
The gnoll completely misses you. The gnoll closely misses you.
You closely miss the gnoll.
The gnoll is lightly wounded.
The gnoll hits you with a +0 club.
You barely miss the gnoll. You bite the gnoll.
The gnoll is heavily wounded.
The gnoll misses you. x2
You scratch the gnoll.
You kill the gnoll!
Okawaru accepts your kill.
The gnoll hits you from afar with a +0 halberd!
Ouch! That really hurt!
You die...

~.~.~..~.~~.~.#.
~~~~~~~~~~~~~~~#
~~~~~~~~~~~~~~$#
~~~~~~~~~~~~~~~#
~~.~~~~~~~~~~~~#
.~.....)~~#
#......ggg#
#..#.###)## #
#...#@# #.
#.#.#.#
#..#.#.#.#
###..#.#.#.###
.............# #
.......#.#.#.....
.####...........
+.....#.#####.#
##.#....... #


You could see 3 gnolls.

Vanquished Creatures
  A steam dragon (D:5)
  3 hounds
  An iguana (D:5)
  A gnoll (D:4)
  An orc (D:4)
  A quokka (D:4)
8 creatures vanquished.

Notes
Turn   | Place    | Note
-------+----------+-------------------------------------------
     0 | D:5      | qw the Felid Delver began the quest for the Orb.
     0 | D:5      | Reached XP level 1. HP: 10/10 MP: 2/2
     0 | D:5      | 0 ||| qw: Version: 0.1-a-89-g26bdef1
     0 | D:5      | 0 ||| qw: Game counter: 51
     0 | D:5      | 0 ||| qw: Always use a shield: true
     0 | D:5      | 0 ||| qw: God list: Okawaru, Trog
     0 | D:5      | 0 ||| qw: Allow faded altars: false
     0 | D:5      | 0 ||| qw: Do Orc after D:15 true
     0 | D:5      | 0 ||| qw: Do second Lair branch before Depths: true
     0 | D:5      | 0 ||| qw: Lair rune preference: random
     0 | D:5      | 0 ||| qw: Plans: Normal
     0 | D:5      | 0 ||| PLANNING D:1-11
    53 | D:5      | Noticed a centaur
    54 | D:5      | 54 ||| Stepping ~*~*~tactically~*~*~ (hiding).
   156 | D:5      | 156 ||| Stepping ~*~*~tactically~*~*~ (hiding).
   258 | D:5      | 258 ||| Stepping ~*~*~tactically~*~*~ (hiding).
   360 | D:5      | 360 ||| Stepping ~*~*~tactically~*~*~ (hiding).
   462 | D:5      | 462 ||| Stepping ~*~*~tactically~*~*~ (hiding).
   557 | D:5      | Noticed a hound
   566 | D:5      | Killed a hound
   567 | D:5      | Reached skill level 3 in Unarmed Combat
   567 | D:5      | Reached XP level 2. HP: 10/14 MP: 3/3
   567 | D:5      | Reached XP level 3. HP: 12/17 MP: 4/4
   671 | D:5      | Noticed a steam dragon
   674 | D:5      | HP: 2/17 [steam dragon/ball of steam (15)]
   675 | D:5      | Killed a steam dragon
   676 | D:5      | Reached skill level 6 in Dodging
   676 | D:5      | Reached XP level 4. HP: 1/21 MP: 5/5
   676 | D:5      | Reached XP level 5. HP: 1/24 MP: 6/6
   676 | D:5      | 676 ||| Stepping ~*~*~tactically~*~*~ (cloud).
   693 | D:5      | HP: 2/24 [iguana (1)]
   695 | D:5      | Slain by an iguana
   696 | D:5      | Reached XP level 4. HP: -4/21 MP: 5/5
   696 | D:5      | Found an iron altar of Okawaru.
   697 | D:5      | Became a worshipper of Warmaster Okawaru
   764 | D:5      | HP: 1/21 [iguana (6)]
   774 | D:5      | Reached XP level 5. HP: 2/24 MP: 6/6
  1046 | D:5      | 1046 ||| DROPPING scroll of fog.
  1047 | D:5      | 1047 ||| DROPPING scroll of magic mapping.
  1048 | D:5      | 1048 ||| DROPPING scroll of fear.
  1057 | D:4      | Found a large runed translucent door.
  1065 | D:4      | 1065 ||| Stepping ~*~*~tactically~*~*~ (outnumbered).
  1122 | D:4      | Found a large runed translucent door.
  1173 | D:4      | 1173 ||| Stepping ~*~*~tactically~*~*~ (hiding).
  1275 | D:4      | 1275 ||| Stepping ~*~*~tactically~*~*~ (hiding).
  1377 | D:4      | 1377 ||| Stepping ~*~*~tactically~*~*~ (hiding).
  1472 | D:4      | 1472 ||| Stepping ~*~*~tactically~*~*~ (water).
  1474 | D:4      | 1474 ||| Stepping ~*~*~tactically~*~*~ (outnumbered).
  1475 | D:4      | 1475 ||| Stepping ~*~*~tactically~*~*~ (outnumbered).
  1479 | D:4      | 1479 ||| Stepping ~*~*~tactically~*~*~ (outnumbered).
  1480 | D:4      | 1480 ||| Stepping ~*~*~tactically~*~*~ (outnumbered).
  1482 | D:4      | HP: 5/24 [gnoll/+0 club (6)]
  1484 | D:4      | Mangled by a gnoll

Levels and vault maps discovered:
D:4:      due_chaos_kobolds, layout_basic, chequers_serial_rivers_large_a
D:5:      layout_basic, mainiacjoe_overflow_alcove_1,
          gammafunk_temple_overflow_statue, chequers_arboretum,
          uniq_crazy_yiuf_cottage, uniq_pikel, uniq_eustachio

Skill      XL: |  1  2  3  4 |
---------------+-------------+-----
Unarmed Combat | 3 4 |  4.6
Dodging        | 6 |  6.1
Fighting       | |  3.0
Stealth        | |  6.6

Action                   |  1- 3 |  4- 6 || total
-------------------------+-------+-------++-------
Melee: Unarmed           |    11 |    67 ||    78
       Bite              |     2 |     9 ||    11
 Stab: Sleeping          |     1 |       ||     1
Armor: Skin              |       |     2 ||     2
Dodge: Dodged            |    10 |    61 ||    71

Table legend:
 A = Non-vault XP
 B = Vault XP
 C = Vault XP percentage of total XP
 D = Non-vault monster count
 E = Vault monster count
 F = Vault count percentage of total count
                 A         B        C        D         E       F
            +---------+---------+-------+---------+---------+-------
      Total |     378 |       0 |   0.0 |       8 |       0 |   0.0
            +---------+---------+-------+---------+---------+-------
        D:4 |      62 |       0 |   0.0 |       4 |       0 |   0.0
        D:5 |     316 |       0 |   0.0 |       4 |       0 |   0.0
            +---------+---------+-------+---------+---------+-------
